 Seeded DCSS version 0.31.0-32-g396128a36d (webtiles) character file.

Game seed: 6748020140247286261 (custom seed)

1250 Alphaeus the Ruffian (level 8, -2/76 HPs)
             Began as a Troll Shapeshifter on Mar 19, 2024.
             Was a Priest of Cheibriados.
             Succumbed to a gnoll's curare-tipped dart
             ... on level 5 of the Dungeon.
             The game lasted 00:03:04 (3591 turns).

Alphaeus the Ruffian (Troll Shapeshifter)           Turns: 3591, Time: 00:03:05

Health: -2/76      AC:  4    Str: 29    XL:     8   Next: 26%
Magic:  7/7        EV: 10    Int: 14    God:    Cheibriados [***...]
Gold:   251        SH:  0    Dex: 15    Spells: 7/7 levels left

rFire   . .          .
                       - Unarmed
rCold   . . .        (no shield)
rNeg    . . .        a - +0 animal skin
rPois   .            (helmet currently unavailable)
rElec   .            (cloak currently unavailable)
rCorr   .            (gloves unavailable)
SInv    .            (boots unavailable)
Will    .....        (no amulet)
Stlth   +            (no ring)
HPRegen 1.12/turn    (no ring)
MPRegen 0.10/turn

%: no passive effects
@: lethally poisoned (-2 -> -18), beast-form, slowed, very slow
A: beast (slay +3), large, unfitting armour, claws 3, regeneration 1, shaggy fur
1, tough skin 1
a: Begin Untransformation, Renounce Religion, Bend Time, Temporal Distortion


You were on level 5 of the Dungeon.
You worshipped Cheibriados.
Cheibriados was most pleased with you.
You were a hulking beast.
You visited 1 branch of the dungeon, and saw 5 of its levels.
You also visited: Ossuary.

You collected 251 gold pieces.

Inventory:

Missiles
 w - a throwing net (quivered)
Armour
 a - a +0 animal skin (worn)
 k - an orb of guile
Talismans
 c - a beast talisman
 d - a flux talisman
Wands
 x - a wand of polymorph (10)
Scrolls
 e - 5 scrolls of teleportation {unknown}
 g - 5 scrolls of identify {unknown}
 h - a scroll of vulnerability {unknown}
 l - a scroll of noise {unknown}
 n - a scroll of torment {unknown}
 p - a scroll of enchant armour {unknown}
 r - a scroll of revelation {unknown}
 s - 2 scrolls of amnesia {unknown}
 u - a scroll of poison {unknown}
Potions
 b - 8 potions of lignification
 f - 2 potions of curing {unknown}
 i - 3 potions of heal wounds {unknown}
 j - 4 potions of enlightenment {unknown}
 m - a potion of berserk rage {unknown}
 o - a potion of mutation {unknown}
 q - a potion of brilliance {unknown}
 t - 2 potions of degeneration {unknown}
 v - a potion of invisibility {unknown}


   Skills:
 + Level 3.6 Fighting
 - Level 1.5 Dodging
 * Level 7.0 Unarmed Combat
 * Level 6.5 Shapeshifting


You had 7 spell levels left.
You didn't know any spells.
Your spell library contained the following spells:

 Spells                   Type           Power      Damage    Failure   Level
 Hailstorm                Conj/Ice       0%         3d5       65%         3
 Summon Ice Beast         Ice/Summ       0%         N/A       65%         3
 Sculpt Simulacrum        Ice/Alch       0%         N/A       100%        6


Dungeon Overview and Level Annotations

Branches:
Dungeon (5/15)             Temple (0/1) D:5         Ossuary (visited)

Altars:
Cheibriados
Fedhas


Innate Abilities, Weirdness & Mutations

You are a hulking beast.
Your limbs bulge with bestial killing power. (Slay +3)
You are too large for most types of armour.
You have claws for hands.
Your natural rate of healing is unusually fast.
You are covered in fur. (AC +1)
You have tough skin. (AC +1)


Message History

You have difficulty breathing.
You feel yourself slow down. The gnoll hits you with a +0 flail.
There are monsters nearby!
The gnoll sergeant shouts!
You claw the gnoll!
The gnoll is almost dead.
You feel very sick.
You hear a bark! x2
The gnoll closely misses you.
The gnoll hits you from afar with a +0 spear.
You claw the gnoll!
You kill the gnoll!
Cheibriados appreciates the change of pace.
You feel sick.
The gnoll throws a stone.
The stone barely misses you.
The gnoll throws a curare-tipped dart.
The curare-tipped dart hits you.
You are more poisoned.
You have difficulty breathing.
You feel as though you will be slow longer.
You feel very sick.
The gnoll throws a stone.
The stone completely misses you.
The gnoll hits you from afar with a +0 spear.
The gnoll throws a stone.
The stone hits you.
The gnoll hits you from afar with a +0 spear.
You feel very sick. The gnoll attacks as it pursues you!
The gnoll hits you from afar with a +0 spear.
The gnoll throws a curare-tipped dart.
The curare-tipped dart hits you.
You are more poisoned.
You have difficulty breathing.
* * * LOW HITPOINT WARNING * * *
You feel as though you will be slow longer.
The gnoll throws a curare-tipped dart.
The curare-tipped dart hits you.
You are more poisoned.
You have difficulty breathing.
* * * LOW HITPOINT WARNING * * *
You feel as though you will be slow longer.
The gnoll hits you from afar with a +0 spear.
* * * LOW HITPOINT WARNING * * *
The jackal pauses to sniff the ground.
You die... ....... ....... ##.g... #.ghh

##)g# .. ##gg#
... ##..##
...# ##..##
..^.##.h.#
♣♣♣♣
........##
♣..♣♣
#.......#
♣♣_.♣
#...<...###
♣..♣♣
##........####
♣♣..♣
##..........#
♣♣.♣
###........#
♣.♣ ##.......#
♣.♣ #..).####
♣.♣♣


You could see a gnoll sergeant, 4 gnolls and 2 jackals.

Vanquished Creatures
  An acid dragon (D:5)
  An ice beast (D:5)
  A phantom (D:4)
  A weeping skull (Ossuary)
  A bullfrog (D:5)
  6 water moccasin zombies (Ossuary)
  A bombardier beetle (D:3)
  A jelly (D:4)
  Crazy Yiuf (D:2)
  An iguana (D:4)
  A sleepcap (D:5)
  Terence (D:2)
  2 crocodile zombies (Ossuary)
  A bullfrog simulacrum (Ossuary)
  2 mummies (Ossuary)
  4 gnolls
  13 adders
  A white imp (D:5)
  5 adder zombies (Ossuary)
  3 dart slugs
  A ribbon worm (D:3)
  4 orcs
  A bat (D:1)
  4 endoplasms
  3 giant cockroaches
  10 goblins
  5 hobgoblins
  4 kobolds
  8 quokkas
  2 ball pythons
  8 frilled lizards
  4 gnoll zombies (Ossuary)
  5 jackal zombies (Ossuary)
  3 orc zombies (Ossuary)
  4 rats
114 creatures vanquished.

Notes
Turn   | Place    | Note
-------+----------+-------------------------------------------
     0 | D:1      | Alphaeus the Troll Shapeshifter began the quest for the
                  | Orb.
     0 | D:1      | Reached XP level 1. HP: 18/18 MP: 0/0
   178 | D:1      | Reached skill level 1 in Fighting
   191 | D:1      | Reached XP level 2. HP: 27/27 MP: 1/1
   585 | D:2      | Reached XP level 3. HP: 33/33 MP: 2/2
   807 | D:2      | Noticed Terence
   820 | D:2      | Killed Terence
   821 | D:2      | Reached XP level 4. HP: 30/41 MP: 3/3
   947 | D:2      | Found a runed translucent door.
   948 | D:2      | Noticed Crazy Yiuf
  1226 | D:2      | Killed Crazy Yiuf
  1227 | D:2      | Reached skill level 4 in Unarmed Combat
  1529 | D:3      | Found a snail-covered altar of Cheibriados.
  1536 | D:3      | Reached XP level 5. HP: 40/49 MP: 4/4
  1538 | D:3      | Became a worshipper of Cheibriados the Contemplative
  2010 | D:3      | Reached * piety under Cheibriados
  2307 | D:4      | Found a sand-covered staircase.
  2352 | Ossuary  | Entered an ossuary
  2388 | Ossuary  | Reached XP level 6. HP: 56/57 MP: 5/5
  2411 | Ossuary  | Reached skill level 5 in Unarmed Combat
  2456 | Ossuary  | Reached skill level 5 in Shapeshifting
  2481 | Ossuary  | Reached XP level 7. HP: 65/66 MP: 6/6
  2495 | Ossuary  | Reached ** piety under Cheibriados
  2542 | Ossuary  | Reached skill level 6 in Unarmed Combat
  3159 | D:5      | Entered Level 5 of the Dungeon
  3316 | D:5      | Reached XP level 8. HP: 75/75 MP: 7/7
  3458 | D:5      | Reached *** piety under Cheibriados
  3501 | D:5      | Found a blossoming altar of Fedhas.
  3542 | D:5      | Found a staircase to the Ecumenical Temple.
  3572 | D:5      | Reached skill level 7 in Unarmed Combat
  3591 | D:5      | Succumbed to a gnoll's curare-tipped dart

Illustrated notes

Levels and vault maps discovered:
D:1:      ncdulo_smallfort, layout_basic
D:2:      layout_basic, serial_forest, infiniplex_forest_clump_double,
          infiniplex_forest_clump_small, infiniplex_forest_straight_3,
          infiniplex_forest_clump_medium, infiniplex_forest_end_2,
          infiniplex_forest_lined_4_way, uniq_crazy_yiuf_cottage, uniq_terence
D:3:      layout_loops_corners, slow_altar_2, serial_bayou, serial_bayou_ford_a,
          serial_bayou_crossing, serial_bayou_pond_c, serial_bayou_shore_a
D:4:      layout_basic, enter_ossuary_5, lemuel_flame_loot_1
D:5:      layout_layer_cave, fedhas_altar_4,
          minmay_temple_entry_drinking_statues, st_stairs_8, item_on_display_b

Skill      XL: |  1  2  3  4  5  6  7  8 |
---------------+-------------------------+-----
Fighting       | 1 2 3 |  3.6
Unarmed Combat | 4 5 6 7 |  7.0
Shapeshifting  | 4 5 6 |  6.5
Dodging        | |  1.5

Action                     |  1- 3 |  4- 6 |  7- 9 || total
---------------------------+-------+-------+-------++-------
  Melee: Unarmed           |    62 |   134 |   113 ||   309
         Punch             |       |     3 |     4 ||     7
 Armour: Animal skin       |    38 |    68 |    89 ||   195
  Dodge: Dodged            |    16 |    51 |    58 ||   125
